 Dungeon Crawl Stone Soup version 0.32-a0-558-g233958a4c4 (webtiles) character file.

Game seed: 8219417476012508564

3 Goblin1989 the Sneak (level 1, -1/18 HPs)
             Began as a Demonspawn Delver on Feb 29, 2024.
             Was an Initiate of Hepliaklqana.
             Splashed by a jelly's acid (5 damage)
             ... on level 4 of the Dungeon.
             The game lasted 00:01:36 (101 turns).

Goblin1989 the Sneak (Demonspawn Delver)             Turns: 101, Time: 00:01:37

Health: -1/18      AC: -1    Str: 12    XL:     1   Next: 41%
Magic:  1/1        EV: 11    Int: 10    God:    Hepliaklqana [......]
Gold:   13         SH:  0    Dex: 14    Spells: 0/0 levels left

rFire   . . .        a - +0 mace
rCold   . . .        (no shield)
rNeg    . . .        b - +0 leather armour
rPois   .            (no helmet)
rElec   .            (no cloak)
rCorr   .            (no gloves)
SInv    .            (no boots)
Will    .....        (no amulet)
Stlth   ++           (no ring)
HPRegen 0.23/turn    (no ring)
MPRegen 0.07/turn

%: no passive effects
@: corroded
A: no striking features
a: Renounce Religion


You were on level 4 of the Dungeon.
You worshipped Hepliaklqana.
Hepliaklqana was noncommittal.
You visited 2 branches of the dungeon, and saw 3 of its levels.

You collected 13 gold pieces.

Inventory:

Hand Weapons
 a - a +0 mace (weapon)
Armour
 b - a +0 leather armour (worn)
Wands
 g - a wand of digging (3) {@v3}
Scrolls
 c - a scroll of fog
 d - a scroll of revelation
 e - a scroll of fear
Potions
 f - a potion of haste {@q3,}


   Skills:
 - Level 3.0 Fighting
 + Level 2.1 Maces & Flails
 - Level 1.7 Dodging
 - Level 4.5 Stealth


You couldn't memorise any spells.
You didn't know any spells.
Your spell library was empty.

Dungeon Overview and Level Annotations

Branches:
Dungeon (5/15) Zot: 11912  Temple (1/1) D:4 Zot: 5984

Altars:
Ashenzari
Cheibriados
Fedhas
Gozag
Hepliaklqana
Kikubaaqudgha
Qazlal
Sif Muna
Vehumet
Wu Jian
Xom


Message History

Bad monster_list_colour key: strict_neutral Options error: Unknown explore stop condition 'gates' (Goblin1989.rc:83) Welcome, Goblin1989 the Demonspawn Delver.
The magnificent Orb of Zot lies far below, as if waiting for you to find it.
Press ? for a list of commands and other information.
Found 13 gold pieces.
Found two stone staircases leading down and a stone staircase leading up.
Unknown command.
Found a sapphire potion.
There is a stone staircase leading up here.
You climb upwards.
There is a stone staircase leading down here.
Found 13 gold pieces.
A ball python comes into view.
Found a stone staircase leading down.
Found a robe.
Found a staircase to the Ecumenical Temple.
The ball python hisses angrily.
You start waiting.
A ball python is nearby!
You hit the ball python.
The ball python is severely wounded.
The ball python bites you.
The ball python bites you but does no damage.
You take 1 damage, and have 17/18 hp.
You thump the ball python!
You kill the ball python!
Health restored: 18 You see here a +0 robe.
There is a staircase to the Ecumenical Temple here.
You can't go up here!
You climb downwards.
Welcome to the Ecumenical Temple!
Found a staircase back to the Dungeon.
There is a staircase back to the Dungeon here.
Found a snail-covered altar of Cheibriados and a stormy altar of Qazlal.
You open the door.
Found three altars.
There is an open door here.
Found an opulent altar of Gozag and a glowing silver altar of Zin.
There is a hazy altar of Hepliaklqana here.
You kneel at the altar of Hepliaklqana.
Hepliaklqana welcomes you!
There is an open door here.
There is a staircase back to the Dungeon here.
You climb upwards.
There is a staircase to the Ecumenical Temple here.
You now have 13 gold pieces.
A jelly comes into view.
Unknown command.
The jelly quivers.
Found a runed falchion.
A ribbon worm comes into view.
The helpless ribbon worm fails to defend itself.
You hit the ribbon worm.
The ribbon worm is moderately wounded.
The ribbon worm bites you.
You take 5 damage, and have 13/18 hp.
MASSIVE DAMAGE!!
You hit the ribbon worm.
The ribbon worm is heavily wounded.
The ribbon worm bites you.
* * * LOW HITPOINT WARNING * * *
You take 6 damage, and have 7/18 hp.
MASSIVE DAMAGE!!
You sock the ribbon worm!
The ribbon worm is almost dead.
The ribbon worm expels a string of sticky webbing.
The stream of webbing misses you.
You hit the ribbon worm.
You kill the ribbon worm!
Your Maces & Flails skill increases to level 2!
You hit the jelly.
Your hands burn!
* * * LOW HITPOINT WARNING * * *
The jelly is lightly wounded.
The jelly hits you but does no damage.
You take 4 damage, and have 4/18 hp.
MASSIVE DAMAGE!!
You hit the jelly. The acid corrodes you!
Your hands burn!
You die...
Hepliaklqana delivers you to your ancestors.

█..█ ██..█...██
█..███..██...█████
█...█..████......██
█.....██ ██......█
█....██ ██.......██
█...██ ██.........█
█..██
██........)..█
██.██
█.J...........█ █
█..█
█.@...........█
..█████.██
██.............
█...█.██
█.............
█...█ ██...........
███.█ ██.........
█.█ █........ █.█
█...... █.█ ██...
█.██


You could see a jelly.

Vanquished Creatures
  A ribbon worm (D:4)
  A ball python (D:4)
2 creatures vanquished.

Notes
Turn   | Place    | Note
-------+----------+-------------------------------------------
     0 | D:5      | Goblin1989 the Demonspawn Delver began the quest for the
                  | Orb.
     0 | D:5      | Reached XP level 1. HP: 18/18 MP: 1/1
    27 | D:4      | Found a staircase to the Ecumenical Temple.
    55 | Temple   | Entered the Ecumenical Temple
    63 | Temple   | Became a worshipper of Hepliaklqana the Forgotten
    81 | D:4      | Noticed a jelly
   101 | D:4      | Splashed by a jelly's acid

Illustrated notes

Levels and vault maps discovered:
D:4:      cheibrodos_barr_body, layout_cave_pods,
          grunt_temple_overflow_holy_war, mainiacjoe_overflow_six_doors_small,
          lemuel_crystal_altar, minmay_temple_entry_grid, uniq_menkaure
D:5:      layout_cave_pools, lightli_temple_of_fire, serial_shops,
          nicolae_shop_bloodbath_and_beyond, uniq_crazy_yiuf_cottage
Temple:   hellmonk_temple_forest_ring

Skill      XL: |  1 |
---------------+----+-----
Maces & Flails | 2 |  2.1
Fighting       | |  3.0
Dodging        | |  1.7
Stealth        | |  4.5

Action                     || total
---------------------------++-------
  Melee: Mace              ||     8
   Stab: Sleeping          ||     1
 Armour: Leather armour    ||     5
  Dodge: Dodged            ||     1

Table legend: (Time is in decaauts)
 A = Elapsed time spent in this place.
 B = Non-inter-level travel time spent in this place.
 C = Inter-level travel time spent in this place.
 D = Time resting spent in this place.
 E = Time spent auto-exploring this place.
 F = Levels seen in this place.
 G = Mean time per level.
                   A        B        C        D        E       F      G
               +--------+--------+--------+--------+--------+-----+--------+
         Total |    103 |     97 |      6 |      3 |      0 |   3 |   34.3 |
       Dungeon |     87 |     87 |      0 |      3 |      0 |   2 |   43.5 |
        Temple |     15 |      9 |      6 |      0 |      0 |   1 |   15.0 |
               +--------+--------+--------+--------+--------+-----+--------+

Top non-repeatable levels by time:
     D:4: 82 daAuts
  Temple: 15 daAuts
     D:5: 5 daAuts
